 Dungeon Crawl Stone Soup version 0.19-a0-1494-gdfa627f (webtiles) character file.

1101 rlgrobin the Stinger (level 8, 0/52 HPs)
             Began as a Human Venom Mage on Sept 9, 2016.
             Was a Priest of Hepliaklqana.
             Killed by nerve-wracking pain
             ... invoked by an orc priest
              (9 damage)
             ... on level 5 of the Dungeon.
             The game lasted 00:42:24 (4229 turns).

rlgrobin the Stinger (Human Venom Mage)             Turns: 4229, Time: 00:42:25

Health: 0/52       AC:  9    Str:  8    XL:     8   Next: 58%
Magic:  13/14      EV: 14    Int: 17    God:    Hepliaklqana [***...]
Gold:   238        SH:  0    Dex: 15    Spells: 3 memorised, 6 levels left

rFire  . . .     SeeInvis .     t - +2 dagger (venom)
rCold  + . .     Gourm    .     f - +2 robe
rNeg   . . .     Faith    .     (no shield)
rPois  +         Spirit   .     k - +2 helmet "Kaghui" {rPois rC+ rCorr}
rElec  .         Dismiss  .     n - +0 cloak
rCorr  +         Reflect  .     e - +0 pair of gloves
MR     .....     Harm     .     (no boots)
Stlth  ++........               (no amulet)
                                (no ring)
                                s - ring of wizardry

@: no status effects
A: no striking features
a: Recall Ancestor, Ancestor Identity, Transference, Renounce Religion


You were on level 5 of the Dungeon.
You worshipped Hepliaklqana.
Hepliaklqana was most pleased with you.
You were hungry.

You visited 1 branch of the dungeon, and saw 5 of its levels.

You collected 238 gold pieces.

Inventory:

Hand Weapons
 d - a +1 club
 p - a +0 dagger
 t - a +2 dagger of venom (weapon)
Armour
 a - a +0 robe
 e - a +0 pair of gloves (worn)
 f - a +2 robe (worn)
 k - the +2 helmet "Kaghui" (worn) {rPois rC+ rCorr}
   (You took it off Robin on level 4 of the Dungeon)

   It protects you from cold.
   It protects you from poison.
   It protects you from acid and corrosion.
 n - a +0 cloak (worn)
Jewellery
 s - a ring of wizardry (left hand)
Scrolls
 g - a scroll of amnesia
 i - 3 scrolls of remove curse
 j - 3 scrolls of fog
 l - a scroll of teleportation
 m - a scroll of recharging {unknown}
 r - 2 scrolls of magic mapping
 u - a scroll of fear
 x - a scroll of blinking {unknown}
 y - a scroll of identify
Potions
 h - a potion of berserk rage {unknown}
 o - a potion of invisibility {unknown}
 q - a potion of cure mutation {unknown}
 w - a potion of agility {unknown}
 A - a potion of brilliance {unknown}
 B - a potion of lignification {unknown}
Books
 b - a Young Poisoner's Handbook

   Spells                             Type                      Level
   a - Sting                          Conjuration/Poison           1
   b - Mephitic Cloud                 Conjuration/Poison/Air       3
   c - Olgreb's Toxic Radiance        Poison                       4
   d - Alistair's Intoxication        Transmutation/Poison         5
   e - Venom Bolt                     Conjuration/Poison           5
Comestibles
 c - 5 bread rations
 v - a beef jerky
 z - 2 meat rations


   Skills:
 + Level 3.4 Fighting
 + Level 4.2 Dodging
 - Level 2.0 Stealth
 + Level 4.1 Spellcasting
 + Level 3.8 Conjurations
 + Level 3.4 Air Magic
 + Level 5.4 Poison Magic


You had 6 spell levels left.
You knew the following spells:

 Your Spells              Type           Power        Failure   Level  Hunger
a - Sting                 Conj/Pois      ###.         1%          1    None
b - Mephitic Cloud        Conj/Pois/Air  ###.....     4%          3    ###....
c - Venom Bolt            Conj/Pois      ###.......   38%         5    ######.


Dungeon Overview and Level Annotations

Branches:
Dungeon (5/15)             Temple (0/1) D:4

Altars:
Hepliaklqana

Annotations:
D:5 daryashkoh's ghost, novice MiMo


Message History

The orc wizard flickers and vanishes!
Deactivating autopickup; reactivate with Ctrl-A.
Eadburga hits something with a flail!
Something hits Eadburga but does no damage.
Eadburga hits something but does no damage.
Daryashkoh's ghost whispers, "Soon you will have time, lots of time..."
The magic dart hits Eadburga.
The orc priest mumbles some strange prayers to Beogh against you.
Beogh smites you!
* * * LOW HITPOINT WARNING * * *
Casting: Sting
Confirm with . or Enter, or press ? or * to list all spells.
Aiming: Sting
Press: ? - help, Shift-Dir - straight line, f - orc priest, p - daryashkoh's ghost
Aim: an orc priest, wielding a whip (almost dead)
The sting misses the orc priest.
Daryashkoh's ghost hits you.
* * * LOW HITPOINT WARNING * * *
x2 The orc priest mumbles some strange prayers to Beogh against you.
Pain shoots through your body!
You die...

### ###########.#
#### #.W.ZR..{...#
...# #@#########.#
##.# #.# #.# #.#
#.# #Z# ##.### #.#
####.#### #....#
#o######...{...#
#....#
#.#.......R....###
#....#
#.#.####........>.
.....# #.#
#..........###
#o...###########.#
#.#.......>#


You could see the friendly Eadburga the knight, an orc priest, daryashkoh's
ghost and a quokka zombie.

Vanquished Creatures
  Grinder (D:3)
  An orc priest (D:3)
  An orc wizard (D:3)
  A worker ant (D:4)
  An adder (D:2)
  An ooze (D:3)
  A worm (D:2)
  A dart slug (D:1)
  A giant gecko (D:1)
  6 orcs
  A ball python (D:1)
  8 bats
  5 giant cockroaches
  9 goblins
  3 hobgoblins
  2 jackals (D:1)
  9 kobolds
  6 giant newts
  4 rats
62 creatures vanquished.

Vanquished Creatures (collateral kills)
  Sigmund (D:2)
  An ice beast (D:5)
  An ogre (D:3)
  A scorpion (D:5)
  A howler monkey (D:4)
  A crimson imp (D:3)
  A centaur zombie (D:4)
  A hound (D:4)
  3 orc priests
  An iguana (D:4)
  An orc wizard (D:4)
  Robin (D:4)
  3 adders
  A worm (D:2)
  7 orcs
  A giant cockroach (D:3)
  5 goblins (D:4)
  4 hobgoblins (D:4)
  A kobold (D:3)
  2 bats (D:3)
  A rat (D:3)
39 creatures vanquished.

Grand Total: 101 creatures vanquished

Notes
Turn   | Place    | Note
-------+----------+-------------------------------------------
     0 | D:1      | rlgrobin the Human Venom Mage began the quest for the Orb.
     0 | D:1      | Reached XP level 1. HP: 13/13 MP: 3/3
   132 | D:1      | Reached XP level 2. HP: 20/20 MP: 0/5
   521 | D:1      | Reached XP level 3. HP: 23/25 MP: 3/6
   526 | D:1      | Learned a level 3 spell: Mephitic Cloud
   639 | D:1      | Reached skill level 1 in Fighting
  1017 | D:2      | Reached skill level 1 in Air Magic
  1126 | D:2      | Reached XP level 4. HP: 30/32 MP: 7/7
  1194 | D:2      | Found a faded altar of an unknown god.
  1213 | D:2      | Became a worshipper of Hepliaklqana
  1213 | D:2      | Reached * piety under Hepliaklqana
  1403 | D:2      | Reached skill level 1 in Conjurations
  1736 | D:2      | Noticed Sigmund
  1775 | D:2      | Killed Sigmund
  1775 | D:2      | Reached XP level 5. HP: 34/34 MP: 7/9
  1775 | D:2      | Reached XP level 6. HP: 39/39 MP: 7/10
  1940 | D:3      | Noticed Grinder
  2009 | D:3      | HP: 1/39 [Grinder (4)]
  2015 | D:3      | Paralysed by Grinder for 7 turns
  2016 | D:3      | Killed Grinder
  2016 | D:3      | Reached XP level 7. HP: 14/45 MP: 4/12
  2191 | D:3      | Learned a level 5 spell: Venom Bolt
  2341 | D:3      | Reached ** piety under Hepliaklqana
  2342 | D:3      | Remembered your ancestor Eadburga as a knight
  2386 | D:3      | Reached skill level 5 in Poison Magic
  3214 | D:4      | Reached XP level 8. HP: 52/52 MP: 13/13
  3495 | D:4      | Noticed Robin
  3517 | D:4      | Killed Robin
  3537 | D:4      | Got a steaming helmet
  3543 | D:4      | Identified the +2 helmet "Kaghui" {rPois rC+ rCorr} (You took it off Robin on level 4 of the Dungeon)
  3555 | D:4      | Found a staircase to the Ecumenical Temple.
  3651 | D:4      | Reached *** piety under Hepliaklqana
  3924 | D:5      | Entered Level 5 of the Dungeon
  4001 | D:5      | Noticed daryashkoh's ghost (novice MiMo)
  4229 | D:5      | Killed from afar by an orc priest

Vault maps used:
D:1:      saegor_arrival_miasma
D:2:      ecumenical_altar_2, minmay_tetromino_o4, uniq_sigmund
D:3:      hangedman_decor_opposing, uniq_grinder
D:4:      uniq_robin
D:5:      lemuel_crystal_altar, first_bread

Skill      XL: |  1  2  3  4  5  6  7  8 |
---------------+-------------------------+-----
Fighting       | 1 2 3 |  3.4
Air Magic      | 1 2 3 |  3.4
Conjurations   | 2 3 |  3.8
Spellcasting   | 3 4 |  4.1
Dodging        | 3 4 |  4.2
Poison Magic   | 5 |  5.4
Stealth        | |  2.0

Action                   |  1- 3 |  4- 6 |  7- 9 || total
-------------------------+-------+-------+-------++-------
Melee: Club              |    62 |     6 |       ||    68
       Dagger            |       |    26 |    51 ||    77
 Cast: Sting             |    35 |    26 |    29 ||    90
       Mephitic Cloud    |     1 |       |    12 ||    13
Invok: Ancestor Identity |       |     1 |       ||     1
       Recall Ancestor   |       |       |     1 ||     1
       Ancestor Life: Kn |       |       |     1 ||     1
  Use: Scroll            |     4 |     1 |    13 ||    18
       Potion            |     1 |     3 |       ||     4
 Stab: Sleeping          |     1 |       |       ||     1
  Eat: Pizza             |     1 |       |       ||     1
       Bread ration      |       |     1 |     1 ||     2
       Chunk             |       |       |     1 ||     1
Armor: Robe              |    16 |     7 |    11 ||    34
Dodge: Dodged            |    52 |    25 |    33 ||   110
